 Dungeon Crawl Stone Soup version 0.21.1-1-g345015f (webtiles) character file.

83 suicidejoker the Cudgeler (level 4, -12/30 HPs)
             Began as an Octopode Gladiator on Apr 21, 2018.
             Mangled by an orc warrior
             ... wielding a +0 short sword
              (19 damage)
             ... on level 2 of the Dungeon.
             The game lasted 00:02:26 (1146 turns).

suicidejoker the Cudgeler (Octopode Gladiator)      Turns: 1146, Time: 00:02:26

Health: -12/30     AC:  1    Str: 14    XL:     4   Next: 44%
Magic:  4/4        EV: 14    Int: 10    God:
Gold:   82         SH:  0    Dex: 13    Spells: 3/3 levels left

rFire    + . .     SeeInvis .   m - +1 spear (vamp)
rCold    . . .     Gourm    .   (no shield)
rNeg     . . .     Faith    .   b - +0 hat
rPois    .         Spirit   .   (no amulet)
rElec    .         Reflect  .   o - ring of protection from fire
rCorr    .         Harm     .   (no ring)
MR       .....                  (no ring)
Stlth    +++.......             (no ring)
HPRegen  0.10/turn              (no ring)
MPRegen  0.09/turn              (no ring)
                                (no ring)
                                (no ring)

@: slowed, very slow
A: almost no armour, stealthy swim, amphibious, 8 rings, constrict 8, camouflage
1, gelatinous body 1
a: no special abilities


You were on level 2 of the Dungeon.
You were hungry.

You visited 1 branch of the dungeon, and saw 2 of its levels.

You collected 82 gold pieces.

Inventory:

Hand Weapons
 a - a +0 flail
 m - a +1 vampiric spear (weapon)
Missiles
 c - 3 throwing nets (quivered)
 i - 39 sling bullets
 k - 63 stones
Armour
 b - a +0 hat (worn)
Jewellery
 o - a ring of protection from fire (left tentacle)
 p - a +3 ring of slaying {unknown}
Scrolls
 e - 2 scrolls of remove curse {unknown}
 g - 2 scrolls of teleportation {unknown}
 l - 2 scrolls of identify {unknown}
 n - a scroll of immolation {unknown}
Potions
 f - a potion of berserk rage {unknown}
 h - a potion of haste {unknown}
 j - a potion of mutation {unknown}
Comestibles
 d - a ration


   Skills:
 + Level 2.6 Fighting
 * Level 3.9 Maces & Flails
 + Level 0.6 Polearms
 - Level 2.0 Throwing
 + Level 3.4 Dodging
 + Level 2.1 Stealth


You had 3 spell levels left.
You didn't know any spells.

Dungeon Overview and Level Annotations

Branches:
Dungeon (2/15)

Altars:


Innate Abilities, Weirdness & Mutations

You cannot wear most types of armour.
You are very stealthy in the water. (Stealth+)
You are amphibious.
You can wear up to eight rings at the same time.
You can use your tentacles to constrict eight enemies at once.
Your skin changes colour to match your surroundings (Stealth+).
Your rubbery body absorbs attacks. (AC +1, EV +1)


Message History

You have reached level 4!
You hit the orc warrior but do no damage.
You grab the orc warrior.
You squeeze the orc warrior, but do no damage.
You constrict the orc warrior, but do no damage.
The orc warrior hits you with a short sword.
The orc priest invokes the aid of Beogh against you.
Beogh smites you!
* * * LOW HITPOINT WARNING * * *
The orc warrior barely misses you.
You hit the orc warrior but do no damage.
You constrict the orc warrior.
The orc priest looks satisfied for a moment.
The orc warrior barely misses you.
You hit the orc warrior.
You feel better.
You squeeze the orc warrior.
The orc warrior is moderately wounded.
You constrict the orc warrior.
The orc warrior hits you with a short sword!!
Ouch! That really hurt!
You die...

#.######.##.......
.#######.##.##
#.........###.#
b...[.........
#.####.##.# #.#
.##########.##
#.##.# #.# #.##
#.##.# #.# #.##
#.##.# #.# # #...
#.##.###.# .# #.##
#........##b.#
#.##
####.....@ooo#
#(## #########.#
#.## #)## #..(
#.## #.# #####.#
#.....# #.###.#


You could see an orc warrior, an orc priest, an orc and a bat.

Vanquished Creatures
  An orc wizard (D:2)
  A gnoll (D:1)
  An ooze (D:1)
  A dart slug (D:1)
  4 giant cockroaches
  5 goblins
  2 hobgoblins
  6 jackals
  4 kobolds
  A quokka (D:2)
  4 bats
  6 rats
36 creatures vanquished.

Notes
Turn   | Place    | Note
-------+----------+-------------------------------------------
     0 | D:1      | suicidejoker the Octopode Gladiator began the quest for the Orb.
     0 | D:1      | Reached XP level 1. HP: 14/14 MP: 1/1
   261 | D:1      | Reached XP level 2. HP: 19/19 MP: 2/2
   275 | D:1      | Reached skill level 1 in Stealth
   402 | D:1      | Reached XP level 3. HP: 24/24 MP: 3/3
  1134 | D:2      | Noticed an orc warrior
  1143 | D:2      | Reached XP level 4. HP: 22/30 MP: 4/4
  1146 | D:2      | Mangled by an orc warrior

Skill      XL: |  1  2  3 |
---------------+----------+-----
Stealth        | 1 2 |  2.1
Fighting       | |  2.6
Maces & Flails | |  3.9
Polearms       | |  0.6
Throwing       | |  2.0
Dodging        | |  3.4

Action                   |  1- 3 |  4- 6 || total
-------------------------+-------+-------++-------
Melee: Flail             |    29 |       ||    29
       Constrict         |    16 |     1 ||    17
       Tentacles         |     9 |     2 ||    11
       Spear             |    42 |     3 ||    45
 Stab: Sleeping          |    16 |       ||    16
  Eat: Ration            |     1 |       ||     1
       Chunk             |     1 |       ||     1
Armor: Skin              |     8 |       ||     8
Dodge: Dodged            |    33 |     2 ||    35
